 Dungeon Crawl Stone Soup version 0.19-a0-1193-g2641e52 (webtiles) character file.

7259 4thArraOfDagon the Severer (level 10, 0/115 HPs)
             Began as a Minotaur Berserker on Aug 19, 2016.
             Was a Priest of Trog.
             Incinerated by a mottled dragon (3 damage)
             ... with a sticky flame
             ... in a volcano.
             The game lasted 00:11:57 (2240 turns).

4thArraOfDagon the Severer (Minotaur Berserker)     Turns: 2240, Time: 00:11:58

Health: 0/115      AC: 17    Str: 29    XL:     10   Next: 88%
Magic:  9/9        EV:  9    Int:  4    God:    Trog [***...]
Gold:   362        SH:  0    Dex: 15    Spells: 0 memorised, 9 levels left

rFire  . . .     SeeInvis .     a - +0 hand axe
rCold  . . .     Gourm    .     o - +1 plate armour
rNeg   . . .     Faith    .     (no shield)
rPois  .         Spirit   .     (helmet restricted)
rElec  .         Dismiss  .     y - +0 cloak
rCorr  .         Reflect  .     (no gloves)
MR     .....     Harm     .     (no boots)
Stlth  ..........               (no amulet)
                                s - +4 ring of dexterity
                                h - ring of flight

@: berserking (expiring), liquid flames, glowing, very quick
A: retaliatory headbutt, horns 2
a: Berserk, Trog's Hand, Burn Spellbooks, Renounce Religion, Evoke Flight


You were in a volcano.
You worshipped Trog.
Trog was most pleased with you.
You were full.

You visited 2 branches of the dungeon, and saw 13 of its levels.
You also visited: Volcano.

You collected 362 gold pieces.

Inventory:

Hand Weapons
 a - a +0 hand axe (weapon)
 r - a +0 great mace
Armour
 i - a +0 scale mail
 o - a +1 plate armour (worn)
 v - a +0 ring mail
 y - a +0 cloak (worn)
Jewellery
 b - an uncursed ring of protection from magic
 h - a ring of flight (left hand)
 s - a +4 ring of dexterity (right hand)
Wands
 f - a wand of confusion (20/48)
 g - a wand of paralysis (16/24)
 n - a wand of confusion (28/48)
 w - a wand of random effects (36/48)
 z - a wand of paralysis (8/24)
 A - a wand of digging (18/24)
Scrolls
 d - a scroll of magic mapping
 e - 2 scrolls of amnesia
 j - 2 scrolls of fog
Potions
 k - 2 potions of berserk rage {unknown}
 p - 3 potions of lignification {unknown}
 q - a potion of brilliance {unknown}
 t - a potion of cancellation {unknown}
 u - a potion of haste {unknown}
Comestibles
 c - 4 bread rations
 m - a meat ration


   Skills:
 - Level 3.6 Fighting
 * Level 15.7 Axes
 + Level 11.7 Armour
 - Level 2.1 Dodging


You had 9 spell levels left.
You didn't know any spells.

Dungeon Overview and Level Annotations

Branches:
Dungeon (10/15)              Lair (3/6) D:10
 Temple: D:4-7        Swamp: Lair:2-4    Shoals: Lair:2-4     Snake: Lair:2-4
 Spider: Lair:2-4       Orc: D:9-12

Altars:
Ashenzari
Dithmenos
Qazlal
Trog

Shops:
D:4 }   D:7 }=   D:10 }


Innate Abilities, Weirdness & Mutations

You reflexively headbutt those who attack you in melee.
You have a pair of horns on your head.


Message History

Unknown command.
You are covered in liquid flames!
* * * LOW HITPOINT WARNING * * *
Found four items.
You see here a mottled dragon corpse.
Unknown command.
You feel a strong urge to attack something.
You are covered in liquid flames!
* * * LOW HITPOINT WARNING * * *
Unknown command.
You are too berserk!
You are too berserk!
You are too berserk!
You are too berserk!
You are too berserk!
You are too berserk!
You are too berserk!
You are too berserk!
You are covered in liquid flames!
You die...

### ######.#######
.=$$#...'$$$.#
#[!)'._@#[!)#
###8###...###8###
#.... #))†##....##
$.....##'##......#
$8..⌠.#...#.⌠..8.#
$....D+.∩.'......#
#...##....##
##+######## #.#


There were no monsters in sight!

Vanquished Creatures
  A centaur warrior (D:10)
  A lindwurm (Volcano)
  Pikel (D:4)
  2 molten gargoyles (Volcano)
  A black mamba (Lair:1)
  A spiny frog (Lair:2)
  2 komodo dragons
  3 fire bats (Volcano)
  A hippogriff (D:9)
  6 yaks (Lair:2)
  2 mottled dragons (Volcano)
  2 hell hounds (Lair:3)
  5 water moccasins
  A porcupine (Lair:1)
  An orc warrior (D:9)
  A sky beast (D:5)
  A slave (D:4)
  An ogre (D:4)
  A crocodile (Lair:2)
  2 giant frogs
  8 killer bees (D:8)
  2 lava snakes (Volcano)
  A quasit (D:7)
  A giant frog skeleton (D:5)
  2 iguanas
  2 orc wizards (D:9)
  3 worker ants (D:4)
  13 sheep (Lair:2)
  Robin (D:4)
  4 adders
  An adder zombie (D:5)
  2 dart slugs (D:3)
  5 giant geckos
  2 orcs (D:9)
  5 bats
  A giant cockroach (D:2)
  9 goblins
  7 hobgoblins
  2 jackals (D:4)
  A ball python (D:1)
  A giant gecko zombie (D:7)
  4 giant newts
  A kobold (D:1)
  3 rats
117 creatures vanquished.

Vanquished Creatures (others)
  Natasha (D:4)
  A plant (D:10)
2 creatures vanquished.

Grand Total: 119 creatures vanquished

Notes
Turn   | Place    | Note
-------+----------+-------------------------------------------
     0 | D:1      | 4thArraOfDagon the Minotaur Berserker began the quest for the Orb.
     0 | D:1      | Reached XP level 1. HP: 19/19 MP: 0/0
    54 | D:1      | Reached skill level 4 in Axes
    95 | D:1      | Reached XP level 2. HP: 14/26 MP: 1/1
   202 | D:3      | Found a bloodstained altar of Trog.
   228 | D:4      | Found Syranips's Gadget Shoppe.
   238 | D:4      | Reached XP level 3. HP: 31/31 MP: 2/2
   244 | D:4      | Noticed a slave
   245 | D:4      | Noticed a slave
   481 | D:3      | Reached skill level 5 in Axes
   534 | D:4      | Reached XP level 4. HP: 39/39 MP: 3/3
   535 | D:4      | Killed a slave
   629 | D:4      | Noticed Robin
   632 | D:4      | Found a shadowy altar of Dithmenos.
   642 | D:4      | Killed Robin
   642 | D:4      | Reached ** piety under Trog
   644 | D:4      | Noticed an ogre
   676 | D:4      | Reached skill level 6 in Axes
   676 | D:4      | Reached XP level 5. HP: 45/45 MP: 4/4
   681 | D:4      | Killed an ogre
   765 | D:4      | Noticed Pikel
   765 | D:5      | Entered Level 5 of the Dungeon
   765 | D:5      | Noticed a centaur
   779 | D:4      | Killed Pikel
   779 | D:4      | Reached skill level 8 in Axes
   779 | D:4      | Reached XP level 6. HP: 51/51 MP: 5/5
   779 | D:4      | Reached XP level 7. HP: 57/57 MP: 6/6
   811 | D:4      | Killed Natasha
   818 | D:4      | Found a shattered altar of Ashenzari.
   940 | D:5      | Reached skill level 9 in Axes
   964 | D:5      | Found a stormy altar of Qazlal.
   965 | D:5      | Noticed a fire elemental
  1031 | D:7      | Found Ajid Tita's Jewellery Emporium.
  1031 | D:7      | Found Noujul's Gadget Emporium.
  1233 | D:8      | Reached XP level 8. HP: 64/64 MP: 7/7
  1234 | D:8      | Reached skill level 10 in Axes
  1386 | D:9      | Reached skill level 11 in Axes
  1436 | D:10     | Entered Level 10 of the Dungeon
  1436 | D:10     | Found Bapyge's Gadget Shoppe.
  1436 | D:10     | Noticed a centaur warrior
  1444 | D:10     | Killed a centaur warrior
  1444 | D:10     | Reached skill level 12 in Axes
  1444 | D:10     | Reached XP level 9. HP: 70/70 MP: 8/8
  1509 | D:10     | Found a staircase to the Lair.
  1510 | D:10     | Noticed a komodo dragon
  1531 | D:10     | Killed a komodo dragon
  1565 | Lair:1   | Entered Level 1 of the Lair of Beasts
  1585 | Lair:1   | Reached *** piety under Trog
  1680 | Lair:1   | You fall through a shaft!
  1692 | Lair:2   | Reached skill level 13 in Axes
  1694 | Lair:2   | Noticed a komodo dragon
  1705 | Lair:2   | Killed a komodo dragon
  1724 | Lair:1   | Noticed a rime drake
  1768 | Lair:2   | Reached skill level 10 in Armour
  1777 | Lair:2   | Noticed a spiny frog
  1788 | Lair:2   | Killed a spiny frog
  1844 | Lair:1   | Reached XP level 10. HP: 77/77 MP: 9/9
  1868 | Lair:1   | Noticed a black mamba
  1876 | Lair:1   | Killed a black mamba
  1876 | Lair:1   | Reached skill level 14 in Axes
  2037 | Lair:3   | Found a dark tunnel.
  2075 | Volcano  | Entered a volcano
  2163 | Volcano  | Noticed a molten gargoyle
  2180 | Volcano  | Noticed a molten gargoyle
  2184 | Volcano  | Reached skill level 15 in Axes
  2221 | Volcano  | Found a radiant altar of Vehumet.
  2221 | Volcano  | Noticed a lindwurm
  2226 | Volcano  | Killed a lindwurm
  2229 | Volcano  | Killed a molten gargoyle
  2237 | Volcano  | Killed a molten gargoyle
  2239 | Volcano  | HP: 3/115 [burnt (5)]
  2240 | Volcano  | Incinerated by a mottled dragon

Vault maps used:
D:1:      minmay_arrival_nine_rooms
D:3:      bloody_trog, first_bread, nrook_loot_triangle
D:4:      ashenzari_conservatory_becter, nicolae_dithmenos_shadow_blocks,
          serial_shops, nicolae_shop_statue_plus, uniq_pikel, uniq_natasha,
          uniq_robin
D:5:      old_standard_altar, nicolae_qazlal_style_of_elements
D:7:      lemuel_mausoleum_altar_kikubaaqudgha, serial_shops,
          nicolae_shop_temple_entry_statues_fountains, nicolae_shop_trees, shop,
          shop, grunt_livestock
D:8:      old_standard_altar, kennysheep_little_box, grunt_ministairs_11,
          eino_jars, uniq_grum
D:9:      zin_purify, uniq_erica
D:10:     david_lair_shrubbed, serial_shops, nicolae_shop_waterfront,
          uniq_joseph
Lair:2:   spider_nest_entry_rubble
Lair:3:   enter_volcano_3, grunt_forest_small_clearing_treed, lemuel_fruit_tree
Volcano:  volcano_grotto

Skill      XL: |  1  2  3  4  5  6  7  8  9 10 |
---------------+-------------------------------+-----
Axes           | 4 5 6 8 9 12 13 15 | 15.7
Armour         | 3 4 6 8 10 11 | 11.7
Fighting       | |  3.6
Dodging        | |  2.1

Action                   |  1- 3 |  4- 6 |  7- 9 | 10-12 || total
-------------------------+-------+-------+-------+-------++-------
Melee: Hand axe          |    51 |    40 |   126 |    57 ||   274
       Headbutt          |     9 |    12 |    27 |    17 ||    65
Invok: Berserk           |     2 |     3 |    12 |     5 ||    22
       Trog's Hand       |       |     1 |     2 |       ||     3
 Abil: Evoke Flight      |       |       |       |     1 ||     1
Evoke: Wand              |       |       |     7 |     2 ||     9
  Use: Scroll            |       |       |    11 |     1 ||    12
 Stab: Paralysed         |       |       |    12 |     5 ||    17
  Eat: Chunk             |       |     4 |    17 |     3 ||    24
       Beef jerky        |       |       |       |     2 ||     2
       Meat ration       |       |       |       |     1 ||     1
Armor: Animal skin       |     6 |       |       |       ||     6
       Scale mail        |    15 |     3 |       |       ||    18
       Plate armour      |       |    33 |    88 |    28 ||   149
Dodge: Dodged            |    38 |    24 |    62 |    17 ||   141
